 Dungeon Crawl Stone Soup version 0.19.0-17-g07987d3 (webtiles) character file.

1366 thirtiethelement the Sneak (level 8, -4/54 HPs)
             Began as an Octopode Wanderer on Nov 10, 2016.
             Was a Follower of Qazlal.
             Slain by an ice beast (10 damage)
             ... on level 5 of the Dungeon on Nov 11, 2016.
             The game lasted 00:28:50 (4925 turns).

thirtiethelement the Sneak (Octopode Wanderer)      Turns: 4925, Time: 00:28:50

Health: -4/54      AC:  1    Str: 14      XL:     8   Next: 65%
Magic:  4/10       EV: 13    Int: 15      God:    Qazlal [*.....]
Gold:   319        SH:  4    Dex:  9 (10) Spells: 4 memorised, 2 levels left

rFire  . . .     SeeInvis .     f - +5 quarterstaff (chaos)
rCold  . . .     Gourm    .     (shield currently unavailable)
rNeg   . . .     Faith    .     (helmet restricted)
rPois  .         Spirit   .     n - +3 amulet of reflection
rElec  .         Reflect  +     (no ring)
rCorr  .         Harm     .     (no ring)
MR     .....                    (no ring)
Stlth  ++++......               (no ring)
                                (no ring)
                                (no ring)
                                (no ring)
                                (no ring)

@: very slightly contaminated
A: almost no armour, stealthy swim, amphibious, 8 rings, constrict 8, camouflage
1, gelatinous body 1
a: Renounce Religion


You were on level 5 of the Dungeon.
You worshipped Qazlal.
Qazlal was aware of your devotion.
You were not hungry.

You visited 1 branch of the dungeon, and saw 5 of its levels.

You collected 319 gold pieces.

Inventory:

Hand Weapons
 a - a +2 mace
 d - a +0 dagger
 f - a +5 quarterstaff of chaos (weapon)
Missiles
 e - 221 stones (quivered)
Armour
 w - a +0 large shield
Jewellery
 n - a +3 amulet of reflection (around mantle)
Wands
 k - a wand of flame (26/48)
Scrolls
 h - a scroll of remove curse {unknown}
 i - 3 scrolls of fog
 o - a scroll of teleportation
 p - a scroll of amnesia
Potions
 g - a potion of mutation {unknown}
 j - 2 potions of cancellation
 l - 2 potions of curing
 r - a potion of haste
Books
 b - Pehuk's Disquisition on Displacement

   Spells                             Type                      Level
   a - Apportation                    Translocation                1
   b - Gell's Gravitas                Hexes/Translocation          3
 c - the Volume of Battle Magic

   Spells                             Type                      Level
   a - Magic Dart                     Conjuration                  1
   b - Static Discharge               Conjuration/Air              3
 s - a book of Geomancy

   Spells                             Type                      Level
   a - Sandblast                      Earth                        1
   b - Passwall                       Transmutation/Earth          2
   c - Stone Arrow                    Conjuration/Earth            3
   d - Petrify                        Transmutation/Earth          4
   e - Lee's Rapid Deconstruction     Earth                        5
Comestibles
 m - a bread ration
 q - a slice of pizza
 t - a meat ration


   Skills:
 + Level 4.9 Fighting
 - Level 4.1(5.4) Maces & Flails
 + Level 5.4(6.1) Staves
 + Level 1.9 Throwing
 + Level 2.1 Dodging
 + Level 7.9 Stealth
 + Level 0.8 Shields
 + Level 1.4 Spellcasting
 + Level 2.3 Conjurations
 + Level 0.4 Evocations


You had 2 spell levels left.
You knew the following spells:

 Your Spells              Type           Power        Failure   Level  Hunger
a - Magic Dart            Conj           #...         12%         1    ##.....
b - Apportation           Tloc           #.........   28%         1    ##.....
c - Passwall              Tmut/Erth      #.........   38%         2    ###....
d - Stone Arrow           Conj/Erth      #.....       43%         3    ####...


Dungeon Overview and Level Annotations

Branches:
Dungeon (5/15)
 Temple: D:4-7

Altars:
Qazlal
Zin


Innate Abilities, Weirdness & Mutations

You cannot wear most types of armour.
You are very stealthy in the water. (Stealth+)
You are amphibious.
You can wear up to eight rings at the same time.
You can use your tentacles to constrict eight enemies at once.
Your skin changes colour to match your surroundings (Stealth+).
Your rubbery body absorbs attacks. (AC +1, EV +1)


Message History

The ice beast hits you. The ice beast freezes you!
You barely miss the ice beast.
The ice beast is heavily wounded.
The ice beast hits you. The ice beast freezes you!
* * * LOW HITPOINT WARNING * * *
You thump the ice beast!
The ice beast is severely wounded.
The ice beast hits you.
* * * LOW HITPOINT WARNING * * *
The ice beast freezes you.
* * * LOW HITPOINT WARNING * * *
You hit the ice beast.
The ice beast is almost dead.
You block the ice beast's attack.
You barely miss the ice beast.
The ice beast is almost dead.
The ice beast hits you.
* * * LOW HITPOINT WARNING * * *
The ice beast freezes you!
You die...

############............ .....#.
.............#.#.#>#.#. #.#.###.
####.................... .....#.
. #.###.....#.#.#.#.#.# #.#.#...
####.###.####.......... .....##.
.............#.#.#.#.# .#.#...
####.#.#.####.......(. .......
.............#.#.#.#.#.# .#.#...
..........###...@Y...!.. .......
............##.#.#.#.#.# .#.###.
..........#. #..###### .....#.
..........#. #..# ##.....
..........#. #..# .....##
.........##.###.####) ##...##
.......#.##..........#...........
#.##.............................
.# ...........................##


You could see an ice beast.

Vanquished Creatures
  The ghost of LORDOFBUTT the Shield-Bearer, a novice FoFi (D:5)
  3 ogres
  A centaur (D:5)
  2 scorpions
  2 howler monkeys
  3 crimson imps (D:5)
  2 quasits (D:5)
  3 hounds
  3 orc wizards (D:5)
  Crazy Yiuf (D:2)
  A worker ant zombie (D:5)
  A howler monkey zombie (D:5)
  5 adders
  3 shadow imps (D:5)
  3 worms
  2 dart slugs (D:1)
  A leopard gecko (D:1)
  15 orcs
  4 giant cockroaches
  7 goblins
  10 hobgoblins
  10 jackals
  A quokka (D:4)
  A ball python (D:3)
  9 bats
  5 frilled lizards
  A jackal skeleton (D:5)
  8 kobolds
  A quokka skeleton (D:5)
  7 rats
  A fungus (D:2)
117 creatures vanquished.

Notes
Turn   | Place    | Note
-------+----------+-------------------------------------------
     0 | D:1      | thirtiethelement the Octopode Wanderer began the quest for the Orb.
     0 | D:1      | thirtiethelement set off with: a +2 mace, Pehuk's Disquisition on Displacement, the Volume of Battle Magic, a +0 dagger, a bread ration
     0 | D:1      | Reached XP level 1. HP: 14/14 MP: 2/2
     3 | D:1      | Learned a level 1 spell: Magic Dart
     5 | D:1      | Learned a level 1 spell: Apportation
    83 | D:1      | Reached XP level 2. HP: 15/19 MP: 3/3
   287 | D:1      | Reached XP level 3. HP: 10/24 MP: 4/4
   773 | D:2      | Reached skill level 3 in Stealth
   828 | D:2      | Found a runed door.
   832 | D:2      | Noticed Crazy Yiuf
   838 | D:2      | Killed Crazy Yiuf
   838 | D:2      | Reached XP level 4. HP: 18/30 MP: 5/5
  1035 | D:2      | Found a glowing silver altar of Zin.
  1135 | D:2      | Reached skill level 1 in Dodging
  1381 | D:3      | Reached skill level 1 in Staves
  1401 | D:3      | Reached XP level 5. HP: 35/35 MP: 5/7
  1500 | D:3      | Upgraded the game from 0.19.0-11-g3fc08b3 to 0.19.0-16-g73b5abf
  1500 | D:3      | Upgraded the game from 0.19.0-16-g73b5abf to 0.19.0-17-g07987d3
  2072 | D:3      | Reached skill level 4 in Stealth
  2491 | D:4      | Found a stormy altar of Qazlal.
  2502 | D:4      | Became a worshipper of Qazlal Stormbringer
  2638 | D:4      | Noticed an ogre
  2710 | D:4      | Killed an ogre
  2710 | D:4      | Reached skill level 5 in Stealth
  2710 | D:4      | Reached XP level 6. HP: 42/42 MP: 8/8
  2835 | D:4      | Reached skill level 1 in Throwing
  3176 | D:5      | Entered Level 5 of the Dungeon
  3199 | D:5      | Reached XP level 7. HP: 46/46 MP: 9/9
  3346 | D:5      | Reached skill level 6 in Stealth
  3423 | D:5      | Noticed LORDOFBUTT's ghost (novice FoFi)
  3683 | D:5      | Killed LORDOFBUTT's ghost
  3683 | D:5      | Reached * piety under Qazlal
  3683 | D:5      | Reached skill level 7 in Stealth
  3683 | D:5      | Reached XP level 8. HP: 38/54 MP: 10/10
  4294 | D:5      | Reached skill level 5 in Staves
  4884 | D:5      | Learned a level 2 spell: Passwall
  4888 | D:5      | Learned a level 3 spell: Stone Arrow
  4925 | D:5      | Slain by an ice beast

Skill      XL: |  1  2  3  4  5  6  7  8 |
---------------+-------------------------+-----
Stealth        | 3 5 7 |  7.9
Maces & Flails | 4 |  4.1
Dodging        | 1 2 |  2.1
Staves         | 1 2 3 4 5 |  5.4
Fighting       | 3 4 |  4.9
Throwing       | 1 |  1.9
Shields        | |  0.8
Spellcasting   | |  1.4
Conjurations   | |  2.3
Evocations     | |  0.4

Action                   |  1- 3 |  4- 6 |  7- 9 || total
-------------------------+-------+-------+-------++-------
Melee: Mace              |    70 |       |       ||    70
       Constrict         |    16 |    16 |    13 ||    45
       Tentacles         |     8 |    12 |    10 ||    30
       Quarterstaff      |       |    74 |    76 ||   150
Throw: Stone             |       |    29 |       ||    29
 Cast: Magic Dart        |    19 |     9 |     2 ||    30
       Stone Arrow       |       |       |     1 ||     1
Evoke: Wand              |       |       |     2 ||     2
  Use: Scroll            |     4 |     6 |     1 ||    11
       Potion            |     1 |       |     4 ||     5
 Stab: Sleeping          |     5 |     9 |     1 ||    15
       Paralysed         |       |     1 |       ||     1
       Confused          |       |       |     2 ||     2
  Eat: Bread ration      |     1 |       |     1 ||     2
       Meat ration       |       |     1 |       ||     1
       Beef jerky        |       |       |     2 ||     2
Armor: Skin              |     6 |     4 |     2 ||    12
Dodge: Dodged            |    43 |    30 |    26 ||    99
Block: Other             |       |     2 |     9 ||    11
